 Dungeon Crawl Stone Soup version 0.20.1-1-g8b1a95d (webtiles) character file.

42 TotoDurand the Skirmisher (level 3, 0/31 HPs)
             Began as a Draconian Fighter on Dec 16, 2017.
             Succumbed to an adder's poison
             ... on level 3 of the Dungeon.
             The game lasted 00:03:53 (1759 turns).

TotoDurand the Skirmisher (Draconian Fighter)       Turns: 1759, Time: 00:03:54

Health: 0/31       AC:  7    Str: 18    XL:     3   Next: 35%
Magic:  3/3        EV: 10    Int:  8    God:
Gold:   96         SH:  9    Dex: 11    Spells: 2/2 levels left

rFire    . . .     SeeInvis .   a - +0 long sword
rCold    . . .     Gourm    .   b - +0 shield
rNeg     . . .     Faith    .   (armour unavailable)
rPois    .         Spirit   .   (helmet restricted)
rElec    .         Reflect  .   r - +0 cloak
rCorr    .         Harm     .   (no gloves)
MR       .....                  w - +0 pair of boots
Stlth    +.........             y - amulet of inaccuracy (curse)
Regen    0.1/turn               (no ring)
MPRegen  0.1/turn               (no ring)

@: lethally poisoned (0 -> -6)
A: unfitting armour, cold-blooded, AC +5
a: no special abilities


You were on level 3 of the Dungeon.
You were not hungry.

You visited 1 branch of the dungeon, and saw 3 of its levels.

You collected 96 gold pieces.

Inventory:

Hand Weapons
 a - a +0 long sword (weapon)
Armour
 b - a +0 shield (worn)
 r - a +0 cloak (worn)
 w - a +0 pair of boots (worn)
Jewellery
 y - a cursed amulet of inaccuracy (around neck)
Wands
 t - a wand of paralysis (21/24)
Scrolls
 j - 5 scrolls of amnesia
 n - a scroll of identify
Potions
 c - 4 potions of might
 e - 4 potions of curing
 g - a potion of flight {unknown}
 l - a potion of ambrosia {unknown}
 q - a potion of resistance {unknown}
 s - a potion of brilliance {unknown}
 u - a potion of degeneration {unknown}
 v - a potion of mutation {unknown}
 x - a potion of haste {unknown}
Comestibles
 d - 3 bread rations
 i - a royal jelly
 k - a meat ration


   Skills:
 + Level 3.5 Fighting
 * Level 2.8 Long Blades
 + Level 3.2 Dodging
 + Level 3.2 Shields


You had 2 spell levels left.
You didn't know any spells.

Dungeon Overview and Level Annotations

Branches:
Dungeon (3/15)

Altars:
Nemelex Xobeh


Innate Abilities, Weirdness & Mutations

Your plain brown scales are hard. (AC +5)
You cannot fit into any form of body armour.
You are cold-blooded and may be slowed by cold attacks.


Message History

You feel sick. The adder bites you.
* * * LOW HITPOINT WARNING * * *
Your shield prevents you from hitting the adder.
The adder is heavily wounded.
* * * LOW HITPOINT WARNING * * *
You feel sick. The adder bites you.
* * * LOW HITPOINT WARNING * * *
You block the adder's attack.
You miss the adder.
The adder is heavily wounded.
* * * LOW HITPOINT WARNING * * *
You feel sick. You block the adder's attack. The adder barely misses you.
You closely miss the adder.
The adder is heavily wounded.
* * * LOW HITPOINT WARNING * * *
You feel sick. The adder bites you but does no damage.
You block the adder's attack.
You miss the adder.
Your tail-slap misses the adder.
The adder is heavily wounded.
You die...

* *,,**,,,,,,,,,* *
*#.**...,,,,,,* * #.#*..,,,,,,,*
*************#..*..,,,,,,,*******
,,,,,,,,,,,,,,..+.,,,,,,,,+,,,,>*
**,,,,,,,*****#.#.,,,,,,,,*,*****
**,*****,*,,,,,..#*********,*
**,* *,*,****#S## *,* **,* *,*,*
#@.# *,* **,* *,*,* ##.## *,*
**,* *,*,* #..# *,* **,* *,*,*
##.## *,* **,* *,*,*######..##
*,* **,*****,*,*#........# *,*
,*,,,,,,,,,*#........# *,*
********+***#........# *,* *
*,,,,,,,*########.## *,*


You could see an adder.

Vanquished Creatures
  An ooze (D:1)
  A worm (D:2)
  A dart slug (D:2)
  A leopard gecko (D:2)
  6 bats
  6 goblins
  3 hobgoblins
  A quokka (D:2)
  2 frilled lizards
  5 kobolds
  2 rats
29 creatures vanquished.

Notes
Turn   | Place    | Note
-------+----------+-------------------------------------------
     0 | D:1      | TotoDurand the Draconian Fighter began the quest for the Orb.
     0 | D:1      | Reached XP level 1. HP: 19/19 MP: 1/1
   170 | D:1      | Reached XP level 2. HP: 18/26 MP: 2/2
   795 | D:2      | Found a sparkling altar of Nemelex Xobeh.
  1036 | D:2      | Reached XP level 3. HP: 31/31 MP: 3/3
  1758 | D:3      | HP: 1/31 [poisoned by an adder]
  1759 | D:3      | Succumbed to an adder's poison

Skill      XL: |  1  2 |
---------------+-------+-----
Dodging        | 3 |  3.2
Fighting       | |  3.5
Long Blades    | |  2.8
Shields        | |  3.2

Action                   || total
-------------------------++-------
Melee: Long sword        ||    97
       Tailslap          ||    12
  Use: Scroll            ||     7
  Eat: Chunk             ||     3
Armor: Skin              ||    18
Dodge: Dodged            ||    41
Block: Shield            ||    41
       Rpst.: Long sword ||    18
